 Dungeon Crawl Stone Soup version 0.28-a0-773-g130ae17fe5 (webtiles) character file.

Game seed: 11284452735269646952

351 cheechan the Skirmisher (level 6, -2/43 HPs)
             Began as an Octopode Fighter on Nov 1, 2021.
             Slain by a gnoll (5 damage)
             ... on level 4 of the Dungeon.
             The game lasted 00:09:21 (2111 turns).

cheechan the Skirmisher (Octopode Fighter)          Turns: 2111, Time: 00:09:22

Health: -2/43      AC:  1    Str: 16    XL:     6   Next: 61%
Magic:  6/6        EV: 18    Int: 11    God:
Gold:   127        SH:  4    Dex: 12    Spells: 5/5 levels left

rFire   . . .      SeeInvis .   j - +0 flail
rCold   . . .      Faith    .   b - +0 buckler
rNeg    . . .      Spirit   .   (helmet restricted)
rPois   .          Reflect  .   f - amulet of the acrobat
rElec   .          Harm     .   g - +4 ring of evasion
rCorr   .          Rampage  .   (no ring)
Will    .....                   (no ring)
Stlth   +++.......              (no ring)
HPRegen 0.14/turn               (no ring)
MPRegen 0.10/turn               (no ring)
                                (no ring)
                                (no ring)

@: mighty, studying Maces & Flails
A: almost no armour, amphibious, 8 rings, camouflage 1, gelatinous body 1,
(nimble swimmer 1), tentacles
a: no special abilities


You were on level 4 of the Dungeon.
You visited 1 branch of the dungeon, and saw 4 of its levels.

You collected 127 gold pieces.

Inventory:

Hand Weapons
 a - a +0 war axe
 j - a +0 flail (weapon)
 n - a +0 whip
Missiles
 d - 37 stones
 h - 6 poisoned darts (quivered)
 i - 58 arrows
 l - 19 sling bullets
 m - 6 javelins
 o - 24 bolts
Armour
 b - a +0 buckler (worn)
Jewellery
 f - an amulet of the acrobat (around mantle)
 g - a +4 ring of evasion (left tentacle)
Scrolls
 k - a scroll of teleportation
 q - a scroll of amnesia
 t - a scroll of enchant armour {unknown}
Potions
 e - 3 potions of attraction
 p - a potion of lignification {unknown}
 r - a potion of resistance {unknown}
 s - a potion of degeneration {unknown}


   Skills:
 + Level 4.0 Fighting
 + Level 3.6(4.3) Axes
 + Level 3.3(4.1) Maces & Flails
 + Level 0.9 Throwing
 + Level 4.0 Dodging
 + Level 2.6 Stealth
 + Level 3.7 Shields


You had 5 spell levels left.
You didn't know any spells.
Your spell library was empty.

Dungeon Overview and Level Annotations

Branches:
Dungeon (4/15)
 Temple: D:4-7

Altars:
Kikubaaqudgha


Innate Abilities, Weirdness & Mutations

You cannot wear most types of armour.
You are amphibious.
You can wear up to eight rings at the same time.
Your skin changes colour to match your surroundings (Stealth+).
Your rubbery body absorbs attacks. (AC +1, EV +1)
((You are camouflaged near water. (Stealth+)))
You have tentacles for arms and can constrict up to eight enemies at once.


Message History

Press: ? - help, Q - select action, (/) - cycle Shift-Dir - straight line, f/p - gnoll
Aim: a gnoll, wielding a +0 club (63% to hit)
You throw a poisoned dart. The poisoned dart hits the gnoll.
The gnoll is poisoned.
Unknown command.
Throw: 8 darts (poison)
Press: ? - help, Q - select action, (/) - cycle Shift-Dir - straight line, f/p - gnoll
Aim: a gnoll, wielding a +0 club (lightly wounded, poisoned, 63% to hit)
You throw a poisoned dart. The poisoned dart hits the gnoll.
The gnoll looks even sicker.
The gnoll is lightly wounded.
A gnoll comes into view. It is wielding a +0 flail.
Throw: 7 darts (poison)
Press: ? - help, Q - select action, (/) - cycle Shift-Dir - straight line, f/p - gnoll
Aim: a gnoll, wielding a +0 club (lightly wounded, very poisoned, 63% to hit)
You throw a poisoned dart.
The poisoned dart barely misses the gnoll.
The gnoll shouts!
You closely miss the gnoll.
The gnoll shouts!
You grab the gnoll.
The gnoll is moderately wounded.
You constrict the gnoll. The gnoll barely misses you.
You block the gnoll's attack.
You barely miss the gnoll.
The gnoll is heavily wounded.
You constrict the gnoll. The gnoll barely misses you.
You sock the gnoll!
You kill the gnoll!
You feel very mighty all of a sudden. The gnoll completely misses you.
The gnoll misses you. The gnoll hits you with a +0 halberd!
* * * LOW HITPOINT WARNING * * *
The gnoll shouts!
Things that are here:
a +0 club; a gnoll corpse You closely miss the gnoll.
You grab the gnoll. You squeeze the gnoll!
You kill the gnoll!
The gnoll hits you with a +0 flail.
You die...

##..... ... +...... #..#
#.....########(.##
##...........#..$.#
.'...........#....#
#########..####(.#
.....##..####g.##
.........'...)g.#
.........#...@..#
######).##.....# #
##.)##....## ).
#.))###+### ... #....#
... #.)).# #.. ###)##
#########
#...###)########.......##
#........[..............#


You could see 2 gnolls.

Vanquished Creatures
  An ogre (D:3)
  A gnoll shaman (D:4)
  A hound skeleton (D:4)
  13 gnolls
  5 adders
  A white imp (D:4)
  An orc (D:3)
  2 ball pythons
  7 endoplasms
  A giant cockroach (D:2)
  8 goblins
  7 hobgoblins
  A jackal (D:1)
  A quokka (D:3)
  3 bats
  2 frilled lizards (D:3)
  6 kobolds (D:1)
  7 rats
68 creatures vanquished.

Notes
Turn   | Place    | Note
-------+----------+-------------------------------------------
     0 | D:1      | cheechan the Octopode Fighter began the quest for the Orb.
     0 | D:1      | Reached XP level 1. HP: 16/16 MP: 1/1
    38 | D:1      | Reached XP level 2. HP: 11/21 MP: 2/2
   233 | D:1      | Reached XP level 3. HP: 12/26 MP: 3/3
   843 | D:2      | Identified a scroll of acquirement
   843 | D:2      | Acquired a manual of Maces & Flails
   878 | D:2      | Found a faded altar of an unknown god.
   895 | D:2      | Reached skill level 1 in Stealth
   895 | D:2      | Reached XP level 4. HP: 22/32 MP: 4/4
  1082 | D:3      | Found an ancient bone altar of Kikubaaqudgha.
  1098 | D:3      | Noticed an ogre
  1371 | D:3      | Reached XP level 5. HP: 32/37 MP: 5/5
  1767 | D:3      | Killed an ogre
  1768 | D:3      | Reached XP level 6. HP: 30/43 MP: 6/6
  2111 | D:4      | Slain by a gnoll

Illustrated notes

Levels and vault maps discovered:
D:1:      lightli_arrival_lavapool, layout_basic, st_stairs_4
D:2:      layout_rooms, chequers_ecumenical_altar_simple, minmay_unequal
D:3:      layout_loops_cross, mainiacjoe_overflow_concentric_impassable,
          st_stairs_14, chequers_serial_rivers_small_a
D:4:      layout_gridville, gup_sewer_entry_spiral, minivault_4, uniq_eustachio

Skill      XL: |  1  2  3  4  5  6 |
---------------+-------------------+-----
Stealth        | 1 2 |  2.6
Axes           | 3 |  3.6
Maces & Flails | 2 3 |  3.3
Fighting       | 4 |  4.0
Dodging        | 4 |  4.0
Throwing       | |  0.9
Shields        | |  3.7

Action                   |  1- 3 |  4- 6 || total
-------------------------+-------+-------++-------
Melee: War axe           |    60 |    10 ||    70
       Constrict         |    13 |    27 ||    40
       Tentacles         |     8 |    11 ||    19
       Flail             |       |    72 ||    72
Throw: Dart              |       |    18 ||    18
  Use: Scroll            |     5 |     2 ||     7
       Potion            |       |     1 ||     1
 Stab: Sleeping          |     2 |     2 ||     4
Armor: Skin              |     4 |     2 ||     6
Dodge: Dodged            |    57 |    80 ||   137
Block: Buckler           |    12 |    20 ||    32

Table legend: (Time is in decaauts)
 A = Elapsed time spent in this place.
 B = Non-inter-level travel time spent in this place.
 C = Inter-level travel time spent in this place.
 D = Time resting spent in this place.
 E = Time spent auto-exploring this place.
 F = Levels seen in this place.
 G = Mean time per level.
                   A        B        C        D        E       F      G
               +--------+--------+--------+--------+--------+-----+--------+
         Total |   2159 |   2159 |      0 |    131 |      0 |   4 |  539.8 |
       Dungeon |   2159 |   2159 |      0 |    131 |      0 |   4 |  539.8 |
               +--------+--------+--------+--------+--------+-----+--------+

Top non-repeatable levels by time:
     D:3: 774 daAuts
     D:1: 658 daAuts
     D:2: 541 daAuts
     D:4: 185 daAuts
